 Dungeon Crawl Stone Soup version 0.31-a0-667-g39726597b9 (webtiles) character file.

Game seed: 1364742330784768842

461268 Armakuni the Ruinous (level 25, 0/173 (177) HPs)
             Began as a Human Artificer on Sept 2, 2023.
             Was an Initiate of Gozag.
             Slain by a tentacled monstrosity (7 damage)
             ... on level 4 of the Vaults on Sept 3, 2023.
             The game lasted 04:19:37 (78455 turns).

Armakuni the Ruinous (Human Artificer)             Turns: 78455, Time: 04:19:38

HP:   0/173 (177)   AC: 16    Str: 17    XL:     25   Next: 71%
MP:   29/43         EV: 13    Int: 37    God:    Gozag
Gold: 682           SH:  8    Dex: 13    Spells: 5/56 levels left

rFire   + . .        a - staff of conjuration
rCold   + . .        Y - +1 buckler {AC+3}
rNeg    + + .        w - +2 robe {rN+}
rPois   .            C - +2 helmet {Int+3}
rElec   .            J - scarf {rC+ rF+}
rCorr   .            N - +1 pair of gloves of Activism {Will- Int+7 Dex-2 SInv}
SInv    +            n - +2 pair of boots
Will    +++..        W - amulet of the Four Winds {rN+ Will+++ Clar}
Stlth   ++           A - +6 ring of intelligence
HPRegen 0.48/turn    X - ring of Wiomni {Int+3 Slay+4}
MPRegen 0.28/turn

%: clarity
@: marked, gold aura, studying 3 skills, lightly drained
A: hooves 1
}: 2/15 runes: barnacled, gossamer
a: Renounce Religion, Potion Petition, Call Merchant, Bribe Branch


You were on level 4 of the Vaults.
You worshipped Gozag.
Gozag was pleased with you.
You visited 9 branches of the dungeon, and saw 42 of its levels.
You visited 2 bazaars.
You also visited: Volcano and Wizlab.

You collected 23779 gold pieces.
You spent 9392 gold pieces at shops.
You paid 13705 gold pieces to Gozag.

Inventory:

Hand Weapons
 b - a +9 vampiric broad axe
Armour
 n - a +2 pair of boots (worn)
 w - a +2 robe of positive energy (worn)
 C - a +2 helmet of intelligence (worn)
 J - a scarf of resistance (worn)
 K - a +2 cloak of poison resistance
 N - the +1 pair of gloves of Activism (worn) {Will- Int+7 Dex-2 SInv}
   (You found it on level 3 of the Elven Halls)

   Int+7:     It affects your intelligence (+7).
   Dex-2:     It affects your dexterity (-2).
   Will-:     It decreases your willpower.
   SInv:      It lets you see invisible.
 P - the +2 pair of gloves of Impatience {rF+++ rC+ Str-4 Dex-4}
   (You bought it in a shop on level 4 of the Vaults)

   Str-4:     It affects your strength (-4).
   Dex-4:     It affects your dexterity (-4).
   rF+++:     It renders you almost immune to fire.
   rC+:       It protects you from cold.
 Y - a +1 buckler of protection (worn)
Magical Staves
 a - a staff of conjuration (weapon)
Jewellery
 A - a +6 ring of intelligence (left hand)
 V - a ring of see invisible
 W - the amulet of the Four Winds (around neck) {rN+ Will+++ Clar}
   (You bought it in a shop on level 1 of the Lair of Beasts)

   [amulet of nothing]

   rN+:       It protects you from negative energy.
   Will+++:   It greatly increases your willpower.
   Clar:      It protects you from confusion, rage, mesmerisation and fear.
 X - the ring of Wiomni (right hand) {Int+3 Slay+4}
   (You bought it in a shop on level 3 of the Lair of Beasts)

   [ring of slaying]

   Int+3:     It affects your intelligence (+3).
   Slay+4:    It affects your accuracy & damage with ranged weapons and melee
   (+4).
Wands
 c - a wand of mindburst (37)
 j - a wand of iceblast (18)
 p - a wand of charming (35)
 v - a wand of flame (68)
 L - a wand of light (6)
 M - a wand of digging (27)
Scrolls
 d - 4 scrolls of amnesia
 l - 2 scrolls of immolation
 m - 17 scrolls of identify
 t - 5 scrolls of blinking
 u - 4 scrolls of silence
 x - 4 scrolls of fog
 z - 7 scrolls of poison
 G - 4 scrolls of enchant armour
 O - 5 scrolls of teleportation
 Q - 2 scrolls of torment
 T - 6 scrolls of vulnerability
 U - 4 scrolls of revelation
 Z - 5 scrolls of fear
Potions
 e - 5 potions of cancellation
 f - 18 potions of curing
 g - a potion of berserk rage
 i - 5 potions of enlightenment
 o - 8 potions of attraction
 q - 4 potions of magic
 r - 5 potions of lignification
 y - 8 potions of mutation
 B - 3 potions of heal wounds
 D - 2 potions of invisibility
 E - 4 potions of haste
 F - 2 potions of brilliance
 H - 6 potions of ambrosia
 R - 3 potions of might
 S - 3 potions of resistance
Miscellaneous
 h - a phantom mirror
 k - a lightning rod (4/4)
 s - a tin of tremorstones (2/2)
 I - a box of beasts


   Skills:
 - Level 9.8 Fighting
 - Level 2.3(7.9) Maces & Flails
 - Level 11.8(12.0) Staves
 - Level 5.0 Armour
 - Level 5.0 Dodging
 - Level 1.0 Stealth
 - Level 11.8 Shields
 + Level 16.0 Spellcasting
 - Level 21.2 Conjurations
 - Level 8.7 Necromancy
 - Level 5.0 Translocations
 - Level 7.0 Transmutations
 + Level 19.1 Fire Magic
 - Level 4.0 Ice Magic
 - Level 4.0 Air Magic
 - Level 6.0 Earth Magic
 - Level 14.7 Poison Magic
 - Level 10.0 Evocations


You had 5 spell levels left.
You knew the following spells:

 Your Spells              Type           Power      Damage    Failure   Level
a - Apportation           Tloc           100%       N/A       1%          1
f - Fire Storm            Conj/Fire      66%        8d17      34%         9
h - Swiftness             Air            56%        N/A       1%          3
i - Ignition              Fire           53%        3d15      3%          8
j - Freezing Cloud        Conj/Ice/Air   50%        6-21      1%          5
m - Iskenderun's Mystic   Conj/Tloc      100%       2d19      1%          4
n - Eringya's Noxious Bo  Tmut/Pois      41%        4d6       2%          6
r - Irradiate             Conj/Tmut      58%        3d31      1%          5
s - Sublimation of Blood  Necr           76%        N/A       1%          2
u - Leda's Unmaking       Conj/Erth      57%        9d9       1%          6
w - Passwall              Tmut/Erth      55%        N/A       1%          2

Your spell library contained the following spells:

 Spells                   Type           Power      Damage    Failure   Level
 Foxfire                  Conj/Fire      100%       2x1d9     0%          1
 Kiss of Death            Conj/Necr      100%       2d13      0%          1
 Sting                    Tmut/Pois      100%       1d8       0%          1
 Momentum Strike          Conj/Tloc      100%       3d10      0%          2
 Ignite Poison            Fire/Tmut/Pois 92%        N/A       0%          3
 Mephitic Cloud           Conj/Pois/Air  100%       N/A       0%          3
 Stone Arrow              Conj/Erth      100%       3d13      0%          3
 Sticky Flame             Conj/Fire      100%       2d11      0%          4
 Iskenderun's Battlesphe  Conj           100%       2d15      0%          5
 Freeze                   Ice            100%       1d10      1%          1
 Sandblast                Erth           100%       2d20      1%          1
 Blink                    Tloc           100%       N/A       1%          2
 Cigotuvi's Dreadful Rot  Necr/Pois/Air  100%       N/A       1%          2
 Ensorcelled Hibernation  Hex/Ice        88%        N/A       1%          2
 Poisonous Vapours        Pois/Air       100%       N/A       1%          2
 Wereblood                Tmut           69%        N/A       1%          2
 Dazzling Flash           Conj/Hex       100%       N/A       1%          3
 Frozen Ramparts          Ice            100%       1d16      1%          3
 Gell's Gravitas          Tloc           61%        N/A       1%          3
 Hailstorm                Conj/Ice       100%       3d20      1%          3
 Portal Projectile        Hex/Tloc       96%        N/A       1%          3
 Volatile Blastmotes      Fire/Tloc      100%       2d18      1%          3
 Dispel Undead            Necr           76%        3d25      1%          4
 Manifold Assault         Tloc           61%        N/A       1%          4
 Olgreb's Toxic Radiance  Pois           95%        N/A       1%          4
 Passage of Golubria      Tloc           61%        N/A       1%          4
 Petrify                  Tmut/Erth      67%        N/A       1%          4
 Vhi's Electric Charge    Tloc/Air       100%       N/A       1%          4
 Agony                    Necr           76%        N/A       1%          5
 Alistair's Intoxication  Tmut/Pois      55%        N/A       1%          5
 Arcjolt                  Conj/Air       55%        1d65      1%          5
 Borgnjor's Vile Clutch   Necr/Erth      35%        N/A       1%          5
 Animate Armour           Summ/Erth      100%       N/A       3%          4
 Leda's Liquefaction      Hex/Erth       25%        N/A       3%          4
 Call Canine Familiar     Summ           29%        N/A       4%          3
 Confusing Touch          Hex            29%        N/A       4%          3
 Tukima's Dance           Hex            29%        N/A       4%          3
 Yara's Violent Unravell  Hex/Tmut       26%        3d11      9%          5
 Summon Forest            Summ/Tloc      24%        N/A       13%         5
 Metabolic Englaciation   Hex/Ice        22%        N/A       16%         5
 Silence                  Hex/Air        22%        N/A       16%         5
 Starburst                Conj/Fire      66%        6d17      1%          6
 Death Channel            Necr           38%        N/A       5%          6
 Spellforged Servitor     Conj/Summ      52%        N/A       14%         7
 Dispersal                Tloc           30%        N/A       26%         6
 Lehudib's Crystal Spear  Conj/Erth      57%        10d13     32%         8
 Haunt                    Necr/Summ      29%        N/A       88%         7
 Borgnjor's Revivificati  Necr           38%        N/A       94%         8
 Infestation              Necr           38%        N/A       94%         8
 Summon Hydra             Summ           14%        N/A       100%        7
 Discord                  Hex            14%        N/A       100%        8
 Disjunction              Tloc           30%        N/A       100%        8
 Maxwell's Capacitive Co  Air            28%        ∞         100%        8
 Chain Lightning          Conj/Air       55%        3d74      100%        9
 Death's Door             Necr           38%        N/A       100%        9
 Polar Vortex             Ice            28%        12d3*     100%        9
 Shatter                  Erth           32%        3d26*     100%        9
 Animate Dead             Necr           Unusable   N/A       N/A         4

Dungeon Overview and Level Annotations

Branches:
Dungeon (15/15)            Temple (1/1) D:6            Lair (5/5) D:10
 Shoals (4/4) Lair:3       Spider (4/4) Lair:3        Slime (0/5) Lair:5
    Orc (2/2) D:10            Elf (3/3) Orc:2        Vaults (5/5) D:14
  Crypt (3/3) Vaults:2       Tomb (0/3) Crypt:3      Depths (0/4) D:15
Volcano (visited)          WizLab (visited)

Altars:
Ashenzari
Cheibriados
Dithmenos
Elyvilon
Fedhas
Gozag
Hepliaklqana
Kikubaaqudgha
Makhleb
Nemelex Xobeh
Okawaru
Qazlal
Ru
Sif Muna
Trog
Uskayaw
Vehumet
Wu Jian
Xom
Yredelemnul
Zin
The Shining One
Jiyva

Shops:
D:4 =   D:9 [   D:14 (   Orc:2 *([*   Elf:1 [   Elf:3 :[=[   Lair:1 [=
Lair:3 =   Shoals:1 !   Shoals:3 :   Vaults:1 [   Vaults:2 ****   Vaults:3 [(
Vaults:4 ?[:

Annotations:
D:3 3 runed translucent doors, Vorhees's ghost, amateur DjHs
D:8 3 runed translucent doors, WhatIsLove's ghost, novice HOMo
D:13 3 runed translucent doors
Spider:4 3 runed translucent doors, SuPeRPuSSyNoOTAB's ghost, adept BaIE; Vazil's ghost, journeyman FeSu; zero's ghost, adept GrEE
Elf:2 5 runed translucent doors
Elf:3 exclusion: upstairs
Vaults:2 3 runed translucent doors, exclusion: obsidian statue, Inony's ghost, master FoHu


Innate Abilities, Weirdness & Mutations

You have large cloven feet.


Message History

The deep elf high priest begins emitting a brilliant aura!
The dread lich is empowered by the deep elf high priest's aura!
Casting: Iskenderun's Mystic Blast (safe; 1% risk of failure)
Confirm with . or Enter, or press ? or * to list all spells.
You feel a surge of power!
You erupt in a blast of force!
The mystic blast hits the vault sentinel!!
The vault sentinel is almost dead.
The vault sentinel is knocked back by the mystic blast.
The vault sentinel slams into the heavily etched metal wall!
You kill the vault sentinel!
The mystic blast hits the vault guard!!
The vault guard is heavily wounded.
The vault guard is knocked back by the mystic blast.
The mystic blast hits the tentacled monstrosity!!
The tentacled monstrosity is severely wounded.
The shadow dragon breathes negative energy at you.
The bolt of negative energy hits you! You partially resist.
You feel drained.
The tentacled monstrosity tentacle-slaps you!
The tentacled monstrosity barely misses you.
The tentacled monstrosity tentacle-slaps you but does no damage.
The tentacled monstrosity constricts you.
You escape the tentacled monstrosity's grasp.
The tengu reaver is empowered by something's aura!
The tengu reaver gestures at you while chanting.
The bolt of lightning hits you!!!
* * * LOW HITPOINT WARNING * * *
The fire giant is empowered by the deep elf high priest's aura!
The ogre mage is empowered by the deep elf high priest's aura!
The vault sentinel is empowered by the deep elf high priest's aura!
You hear a shout!
You climb upwards.
There is a stone staircase leading down here.
Casting: Iskenderun's Mystic Blast (safe; 1% risk of failure)
Confirm with . or Enter, or press ? or * to list all spells.
You feel a surge of power!
You erupt in a blast of force!
The mystic blast hits the tentacled monstrosity!!
The tentacled monstrosity is almost dead.
The tentacled monstrosity tentacle-slaps you!
You die...
Your body crumbles into a pile of gold.

#....#.<.....###.#.....).'..####
#....#.........#.#.......####
#....#...#.#########.#...#
#....#...#.#.....#...#...#
#....#...###.#...#.###...#######
#....#...#.#.#...#(#.....##.....
#....#...#.###...#####...##.....
#....#..........∩[.......##.....
#....#.........@X........##.....
#....#...................##.....
#....######################.....
#....# ######
#....###########################
#............)..................
#...........))).................
#....############).....#########
#....# #......#


You could see a tentacled monstrosity.

Vanquished Creatures
  A dread lich (Crypt:3)
  Bai Suzhen (Vaults:3)
  A royal mummy (Crypt:3)
  The ghost of kaychamo the Merry Kobold, a veteran KoSh of Hepliaklqana (Elf:3)
  2 liches (Crypt:3)
  A moon troll (WizLab)
  3 deep elf blademasters (Elf:3)
  2 deep elf master archers (Elf:3)
  A shard shrike skeleton (Crypt:2)
  4 krakens
  A titan (Vaults:5)
  3 sphinxes
  An ancient champion (Crypt:2)
  Agnes (D:14)
  7 tentacled starspawn (WizLab)
  Roxanne (Spider:4)
  A storm dragon (D:13)
  Aizul (Spider:4)
  A tengu reaver (Vaults:2)
  2 revenants (Crypt:1)
  7 deep elf sorcerers (Elf:3)
  2 frost giants
  5 emperor scorpions
  2 fire giants
  3 ghost moths (Spider:4)
  10 vault wardens
  Louise (D:14)
  A cacodemon (WizLab)
  3 deep elf elementalists (Elf:3)
  6 ghouls (Crypt:1)
  An angel (Shoals:4)
  10 ironbound preservers
  3 reapers (Crypt:3)
  A caustic shrike skeleton (Crypt:1)
  2 formless jellyfish
  13 very ugly things (WizLab)
  4 curse skulls
  9 stone giants
  5 war gargoyles
  A vampire knight (Crypt:1)
  10 ironbound thunderhulks
  9 deep elf annihilators
  10 deep elf demonologists
  9 dire elephants
  6 merfolk javelineers
  2 spark wasps
  4 eidola (Crypt:3)
  2 crystal guardians (WizLab)
  3 ettins
  7 jiangshi
  9 merfolk impalers (Shoals:4)
  9 deep elf death magi
  7 deep elf high priests
  6 entropy weavers
  15 yaktaur captains
  12 great orbs of eyes
  A quicksilver dragon zombie (Crypt:2)
  A fire dragon (Volcano)
  Fannar (Lair:3)
  An elf skeleton (Crypt:2)
  A quicksilver dragon skeleton (Crypt:3)
  2 spriggan air magi (D:13)
  An ice dragon (Lair:3)
  A jorogumo (Spider:4)
  2 spriggan zombies (Crypt:3)
  5 catoblepae
  A peacekeeper (Vaults:3)
  32 vault guards
  An ogre mage (D:15)
  21 centaur warriors
  6 merfolk avatars
  A radroach (Spider:2)
  5 hydras
  A death scarab (Spider:2)
  11 ironbound frosthearts
  2 alligator snapping turtles (Shoals:4)
  10 two-headed ogres
  7 merfolk aquamancers
  2 tengu warriors
  A deep troll shaman (Lair:5)
  15 dancing weapons
  12 death yaks
  4 boulder beetles
  A holy swine (Shoals:4)
  A shock serpent (D:13)
  4 demonic crawlers
  4 vampire magi
  6 deep elf knights
  2 orc high priests
  9 soul eaters
  4 sun demons (Shoals:3)
  A shadow wraith (Crypt:2)
  2 skysharks
  5 pharaoh ants
  25 skeletal warriors
  4 sun moths
  22 deep trolls
  2 sixfirhies (D:13)
  An iron giant zombie (Crypt:3)
  10 deep elf archers
  8 sea snakes
  A flayed ghost (Crypt:2)
  8 glowing orange brains
  4 cherubim (Shoals:4)
  19 ironbound convokers
  11 orb spiders
  8 wizards
  2 orange crystal statues
  8 orc knights (Orc:2)
  5 bunyip skeletons
  12 phantasmal warriors
  6 steelbarb worms
  14 harpies
  3 bog bodies (Crypt:1)
  5 starcursed masses (WizLab)
  2 stone giant zombies
  An anaconda skeleton (Crypt:2)
  27 wolf spiders
  19 deep elf pyromancers
  6 lindwurms
  17 necromancers
  19 deep elf zephyrmancers
  4 orc sorcerers
  An iron dragon zombie (Crypt:3)
  An alligator zombie (Crypt:2)
  7 fauns
  An iron dragon skeleton (Crypt:3)
  14 manticores
  A salamander (shapeshifter) (D:14)
  3 moths of wrath
  23 cyclopes
  3 salamanders (Volcano)
  37 ugly things
  A dire elephant zombie (Crypt:3)
  4 elephants (Lair:5)
  5 black mambas
  An ice statue (Lair:3)
  6 merfolk sirens
  5 water nymphs
  A human skeleton (Vaults:4)
  A stone giant skeleton (Crypt:3)
  2 centaur zombies (Crypt:3)
  An alligator snapping turtle zombie (Crypt:3)
  3 naga zombies (Crypt:3)
  8 vault sentinels
  A molten gargoyle (Orc:1)
  A naga mage (D:15)
  Maggie (D:7)
  8 torpor snails
  12 cane toads
  2 gargoyles
  3 centaur skeletons
  A black draconian zombie (Crypt:2)
  2 dire elephant skeletons (Crypt:3)
  5 eyes of devastation (WizLab)
  A yaktaur zombie (Vaults:2)
  2 unseen horrors (D:12)
  A shock serpent skeleton (Crypt:1)
  30 yaktaurs
  An efreet (D:15)
  14 komodo dragons
  5 freezing wraiths
  6 rime drakes
  An alligator snapping turtle skeleton (Crypt:1)
  An unseen horror zombie (Crypt:2)
  3 meliai (D:11)
  A red draconian skeleton (Crypt:1)
  A yaktaur skeleton (Vaults:4)
  A hydra zombie (Crypt:3)
  A white draconian skeleton (Crypt:1)
  2 tengu conjurers
  5 wind drakes
  7 trolls
  22 merfolk
  4 harpy zombies
  6 polar bears
  7 saltlings (Orc:2)
  13 hellwings (Crypt:3)
  A death drake skeleton (Crypt:2)
  A mana viper skeleton (Crypt:1)
  2 harpy skeletons
  A wolf spider simulacrum (D:15)
  10 dream sheep
  5 hornets
  25 tarantellas
  An ettin zombie (Crypt:3)
  21 blink frogs
  A stone giant simulacrum (Vaults:4)
  12 snapping turtles
  25 jumping spiders
  A centaur simulacrum (D:15)
  3 air elementals
  27 culicivoras
  9 wraiths
  17 slime creatures
  6 wyverns
  A black mamba zombie (Crypt:3)
  17 water elementals
  59 yaks
  An ushabti (Crypt:3)
  A black mamba skeleton (Crypt:2)
  A hog (shapeshifter) (Elf:3)
  6 fire bats
  3 neqoxecs (WizLab)
  A steam dragon (Volcano)
  36 redbacks
  5 basilisks
  12 vampire mosquitoes
  A two-headed ogre zombie (Crypt:1)
  5 wargs
  16 water moccasins
  5 acid dragons
  13 ice beasts
  A swamp drake (D:10)
  13 orc warriors
  Duvessa (D:7)
  A glowing shapeshifter skeleton (Vaults:2)
  A sky beast (D:6)
  5 black bears
  A hog zombie (Crypt:1)
  8 boggarts
  14 centaurs
  38 wolves
  11 ogres
  2 phantoms
  2 kobold brigands
  11 bullfrogs
  4 earth elementals
  A gnoll sergeant (D:7)
  4 necrophages (Crypt:1)
  8 scorpions
  11 wyvern skeletons (Crypt:3)
  5 wights
  Dowan (D:7)
  A polar bear zombie (Crypt:2)
  8 killer bees
  3 howler monkeys
  7 electric eels
  A human simulacrum (Vaults:4)
  2 hounds
  4 jellies
  15 orc priests
  Jessica (D:2)
  A gnoll bouda (D:9)
  2 iguanas
  14 orc wizards
  A sleepcap (D:4)
  8 hell rats (Lair:1)
  A boggart skeleton (D:15)
  2 mummies (Crypt:3)
  7 gnolls
  11 adders
  A steam dragon skeleton (Crypt:1)
  A shadow imp (D:7)
  3 white imps
  2 worms (Lair:3)
  3 dart slugs
  75 orcs
  6 ball pythons
  2 bats
  8 endoplasms
  3 giant cockroaches
  5 goblins
  4 hobgoblins
  4 jackals (D:4)
  3 quokkas
  3 frilled lizards
  14 kobolds
  9 rats
  5 starspawn tentacles (WizLab)
  4 tentacles
1743 creatures vanquished.

Vanquished Creatures (collateral kills)
  An alligator snapping turtle (Shoals:4)
  A water elemental (Shoals:4)
  A yak (D:10)
  4 wights
  A hound (D:6)
  2 gnolls (D:6)
  An adder (D:6)
  12 orcs
23 creatures vanquished.

Vanquished Creatures (others)
  A hydra (Lair:4)
  A death yak (Lair:4)
  An ugly thing (D:8)
  A vault sentinel (Vaults:3)
  An air elemental (Elf:1)
  3 yaks
  A water moccasin (D:8)
  An orc warrior (D:7)
  A black bear (Lair:4)
  A wolf (D:10)
  A gnoll sergeant (D:6)
  A wight (D:6)
  An orc (Orc:2)
  13 starspawn tentacles (WizLab)
  24 tentacles
52 creatures vanquished.

Grand Total: 1818 creatures vanquished

Notes
Turn   | Place    | Note
-------+----------+-------------------------------------------
     0 | D:1      | Armakuni the Human Artificer began the quest for the Orb.
     0 | D:1      | Reached XP level 1. HP: 15/15 MP: 1/1
    79 | D:1      | Reached skill level 1 in Maces & Flails
   208 | D:1      | Reached XP level 2. HP: 21/21 MP: 2/2
   524 | D:1      | Reached XP level 3. HP: 17/26 MP: 3/3
   947 | D:2      | Found a faded altar of an unknown god.
  1028 | D:2      | Noticed Jessica
  1035 | D:2      | Killed Jessica
  1036 | D:2      | Reached XP level 4. HP: 9/34 MP: 4/4
  1925 | D:3      | Reached XP level 5. HP: 39/41 MP: 5/5
  2039 | D:3      | Found a runed translucent gate.
  2039 | D:3      | Found a runed translucent gate.
  2039 | D:3      | Found a runed translucent gate.
  2044 | D:3      | Noticed Vorhees's ghost (amateur DjHs)
  3255 | D:4      | Reached XP level 6. HP: 28/48 MP: 6/6
  3335 | D:4      | Found Nadagec's Jewellery Shoppe.
  3504 | D:4      | Noticed a black bear
  3514 | D:4      | Killed a black bear
  4026 | D:3      | Reached skill level 5 in Evocations
  4204 | D:4      | Reached skill level 1 in Conjurations
  4204 | D:4      | Reached XP level 7. HP: 38/54 MP: 7/7
  4367 | D:4      | You are sucked into a shaft and drop 2 floors!
  4424 | D:6      | Reached skill level 2 in Conjurations
  4478 | D:6      | Reached skill level 3 in Conjurations
  4630 | D:6      | Reached skill level 4 in Conjurations
  4783 | D:5      | Entered Level 5 of the Dungeon
  4802 | D:5      | Reached XP level 8. HP: 60/60 MP: 8/8
  5390 | D:5      | Reached skill level 5 in Conjurations
  5706 | D:6      | Found a shimmering blue altar of Sif Muna.
  6085 | D:6      | Found a staircase to the Ecumenical Temple.
  6103 | Temple   | Entered the Ecumenical Temple
  6168 | Temple   | Identified a scroll of acquirement
  6168 | Temple   | Acquired 645 gold pieces
  6333 | D:6      | Reached XP level 9. HP: 65/65 MP: 9/9
  6925 | D:7      | Noticed Maggie
  6931 | D:7      | Gained mutation: Your system is resistant to poisons.
                  | (rPois) [potion of mutation]
  6958 | D:7      | Your ally Maggie died
  7062 | D:7      | Found a transporter.
  7064 | D:7      | Noticed a cyclops
  7070 | D:7      | Noticed a manticore
  7273 | D:7      | Noticed Dowan
  7375 | D:7      | Noticed Duvessa
  7387 | D:8      | Noticed a troll
  7394 | D:8      | Killed a troll
  7615 | D:8      | Reached skill level 10 in Evocations
  7811 | D:7      | Reached XP level 10. HP: 39/69 MP: 10/10
  7969 | D:7      | Killed Duvessa
  7978 | D:7      | Killed Dowan
  8219 | D:7      | Found a transporter.
  8595 | D:8      | Found a hazy altar of Hepliaklqana.
  8597 | D:8      | Found a shadowy altar of Dithmenos.
  8652 | D:8      | Reached skill level 6 in Conjurations
  9046 | D:8      | Found a blossoming altar of Fedhas.
  9199 | D:7      | Acquired the +0 pair of gloves "Ireo" {rCorr Str+2 Dex+3
                  | Stlth+}
  9259 | D:7      | Reached skill level 7 in Conjurations
  9578 | D:8      | Learned a level 3 spell: Stone Arrow
  9645 | D:8      | Found an opulent altar of Gozag.
  9660 | D:8      | Became a worshipper of Gozag Ym Sagoz the Greedy
  9733 | D:8      | Found a runed translucent gate.
  9734 | D:8      | Found a runed translucent gate.
  9734 | D:8      | Found a runed translucent gate.
  9735 | D:8      | Noticed a green ugly thing
  9735 | D:8      | Noticed a white ugly thing
  9736 | D:8      | Noticed a brown ugly thing
  9739 | D:8      | Noticed a white ugly thing
  9864 | D:8      | Noticed a white ugly thing
 10111 | D:9      | Reached skill level 8 in Conjurations
 10722 | D:9      | Reached skill level 1 in Spellcasting
 10722 | D:9      | Reached skill level 9 in Conjurations
 10722 | D:9      | Reached skill level 1 in Earth Magic
 10970 | D:9      | Learned a level 5 spell: Freezing Cloud
 11025 | D:10     | Entered Level 10 of the Dungeon
 11193 | D:10     | Reached XP level 11. HP: 58/77 MP: 1/14
 11855 | D:10     | Reached skill level 10 in Conjurations
 11997 | D:10     | Found a staircase to the Lair.
 12038 | Lair:1   | Entered Level 1 of the Lair of Beasts
 12117 | D:10     | Reached skill level 5 in Spellcasting
 12593 | D:10     | Reached skill level 1 in Ice Magic
 12872 | Lair:1   | Noticed a four-headed hydra
 12882 | Lair:1   | Killed a four-headed hydra
 12883 | Lair:1   | Reached skill level 1 in Air Magic
 12984 | Lair:1   | Acquired a book of Power
 13037 | Lair:1   | Noticed a catoblepas
 13351 | D:10     | Found a staircase to the Orcish Mines.
 13972 | D:10     | Found a stormy altar of Qazlal.
 14219 | D:11     | Noticed a two-headed ogre
 14225 | D:11     | Killed a two-headed ogre
 14226 | D:11     | Reached XP level 12. HP: 83/83 MP: 12/22
 15014 | D:12     | Got the Parchment of Conjury
 16024 | D:13     | Learned a level 2 spell: Passwall
 16028 | D:13     | Learned a level 3 spell: Swiftness
 16049 | D:13     | Noticed a centaur warrior
 16067 | D:13     | Killed a centaur warrior
 16170 | D:13     | Noticed a centaur warrior
 16174 | D:13     | Killed a centaur warrior
 16175 | D:13     | Reached skill level 10 in Spellcasting
 16184 | D:13     | Learned a level 6 spell: Leda's Unmaking
 16266 | D:13     | Found a runed translucent door.
 16269 | D:13     | Noticed a spriggan air mage
 16269 | D:13     | Noticed a spriggan air mage
 16270 | D:13     | Noticed a sixfirhy
 16270 | D:13     | Noticed a sixfirhy
 16271 | D:13     | Noticed a spark wasp
 16730 | D:13     | Found a runed translucent door.
 16735 | D:13     | Noticed a storm dragon
 16743 | D:13     | Noticed a shock serpent
 16771 | D:13     | Found a runed translucent door.
 16862 | D:13     | Found a runed translucent door.
 16868 | D:13     | Found the +5 Storm Queen's Shield {shock, Fly rElec}
 17086 | Orc:1    | Entered Level 1 of the Orcish Mines
 17133 | Orc:1    | Noticed an ettin
 17222 | Orc:1    | Reached skill level 5 in Staves
 17266 | Orc:1    | Killed an ettin
 17267 | Orc:1    | Reached XP level 13. HP: 88/88 MP: 15/27
 17273 | Orc:1    | Learned a level 5 spell: Irradiate
 17711 | Orc:1    | Reached skill level 11 in Conjurations
 17716 | Orc:1    | Reached skill level 5 in Earth Magic
 18114 | Orc:1    | Noticed a fire giant
 18234 | Orc:1    | Killed a fire giant
 18235 | Orc:1    | Reached skill level 12 in Conjurations
 18347 | Orc:1    | Identified the +4 halberd "Noivoun" {drain, rPois Int+2}
 18349 | Orc:1    | Identified the +7 hand axe "Wuid Dyca" {speed, rPois rC+++
                  | Dex-2 Stlth+}
 18355 | Orc:1    | Identified the +5 hand axe of Purpose {holy, MP+9}
 18358 | Orc:1    | Identified the +6 whip of the Hills {flame, Str+4 Int+4}
 18379 | Orc:1    | Got the Notes on the Hornet and Transposition
 18381 | Orc:1    | Identified the +2 dagger "Giantslayer" {flame, +Blink rF+++
                  | Dex-2 SInv}
 18473 | Orc:2    | Entered Level 2 of the Orcish Mines
 18611 | Orc:2    | Found a dark tunnel.
 18616 | Volcano  | Entered a volcano
 18856 | Volcano  | Reached skill level 13 in Conjurations
 19073 | Volcano  | Reached XP level 14. HP: 95/95 MP: 10/28
 19369 | Volcano  | Reached skill level 14 in Conjurations
 19734 | Orc:2    | Found a staircase to the Elven Halls.
 20232 | Orc:2    | Found Monicapp's Assorted Antiques.
 20237 | Orc:2    | Bought a potion of curing for 90 gold pieces
 20237 | Orc:2    | Bought a glowing helmet for 225 gold pieces
 20250 | Orc:2    | Bought 2 fizzy grey potions for 54 gold pieces
 20250 | Orc:2    | Bought a yellow potion for 27 gold pieces
 20250 | Orc:2    | Bought a wand of iceblast (5) for 360 gold pieces
 20250 | Orc:2    | Bought a wand of iceblast (8) for 576 gold pieces
 20289 | Orc:2    | Reached skill level 15 in Conjurations
 20289 | Orc:2    | Found Ritwaghy's Antique Armour Shop.
 20402 | Orc:2    | Found Axkog's Antique Weapon Shop.
 20452 | Orc:2    | Noticed a stone giant
 20461 | Orc:2    | Killed a stone giant
 20559 | Orc:2    | Found Seemum's Assorted Antiques.
 21053 | Orc:2    | Found a radiant altar of Vehumet.
 21380 | Orc:2    | Bought a glowing hat for 196 gold pieces
 21380 | Orc:2    | Bought an ominously black robe for 159 gold pieces
 21380 | Orc:2    | Identified the +0 robe of Gravitas {rN+ rCorr} (You bought
                  | it in a shop on level 2 of the Orcish Mines)
 21412 | Orc:2    | Bought a scroll of enchant weapon for 195 gold pieces
 21412 | Orc:2    | Bought a potion of mutation for 208 gold pieces
 21632 | D:10     | Reached skill level 1 in Shields
 23460 | Lair:2   | Reached skill level 5 in Shields
 23708 | Lair:2   | Reached XP level 15. HP: 102/102 MP: 24/30
 23843 | Lair:2   | Reached skill level 5 in Fighting
 24173 | Lair:1   | Bought the amulet of the Four Winds {rN+ Will+++ Clar} for
                  | 910 gold pieces
 24173 | Lair:1   | Found the amulet of the Four Winds {rN+ Will+++ Clar}
 24189 | Lair:1   | Learned a level 1 spell: Apportation
 24261 | Lair:3   | Found a hole to the Spider Nest.
 24948 | Lair:3   | Reached skill level 5 in Armour
 25090 | Lair:3   | Reached skill level 1 in Translocations
 25090 | Lair:3   | Reached skill level 1 in Transmutations
 25171 | Lair:3   | Noticed Fannar
 25177 | Lair:3   | Killed Fannar
 25302 | Lair:3   | Identified the +0 robe of Plog {Will+ Regen+}
 25575 | Lair:3   | Found a staircase to the Shoals.
 25963 | Lair:3   | Identified the +3 ring mail of Fashionability {Rampage
                  | *Corrode rN++ Regen+}
 26004 | Lair:3   | Found the +7 Throatcutter {drain, coup de grace}
 28244 | Lair:4   | Reached skill level 5 in Dodging
 28749 | Lair:5   | Entered Level 5 of the Lair of Beasts
 29027 | Lair:5   | Acquired the +3 pair of gauntlets of War {Slay+5}
 29027 | Lair:5   | Found the +3 pair of gauntlets of War {Slay+5}
 29092 | Lair:5   | Reached XP level 16. HP: 96/109 MP: 14/32
 29665 | Lair:5   | Found a viscous altar of Jiyva.
 29666 | Lair:5   | Found a staircase to the Slime Pits.
 30668 | Lair:5   | Identified the +6 crystal plate armour of Xom's
                  | Condemnation {rCorr}
 30980 | Spider:1 | Entered Level 1 of the Spider Nest
 31130 | Spider:1 | Reached skill level 16 in Conjurations
 31299 | Spider:1 | Reached skill level 10 in Staves
 31458 | Spider:1 | Noticed an emperor scorpion
 31466 | Spider:1 | Killed an emperor scorpion
 31646 | Lair:3   | Bought the ring of Wiomni {Int+3 Slay+4} for 1369 gold
                  | pieces
 32174 | D:8      | Found a runed translucent gate.
 32174 | D:8      | Found a runed translucent gate.
 32181 | D:8      | Found a runed translucent gate.
 32181 | D:8      | Noticed WhatIsLove's ghost (novice HOMo)
 32976 | D:14     | Found a hide-covered altar of Uskayaw.
 33139 | D:14     | Reached XP level 17. HP: 115/115 MP: 26/33
 33221 | D:14     | Identified the +0 cloak "Ixziymp" {rPois rF- Str+3 Slay+3}
 33282 | D:14     | Reached skill level 17 in Conjurations
 34211 | D:14     | Found Pueriycer's Weapon Shoppe.
 34240 | D:14     | Noticed Agnes
 34248 | D:14     | Killed Agnes
 34530 | D:14     | Found a gate to the Vaults.
 34541 | D:14     | Noticed Louise
 34545 | D:14     | Killed Louise
 34769 | D:15     | Entered Level 15 of the Dungeon
 35217 | D:15     | Reached skill level 18 in Conjurations
 35464 | D:15     | Found a staircase to the Depths.
 35756 | D:15     | Found a glowing golden altar of the Shining One.
 36304 | Spider:1 | Identified the +1 pair of boots of the Vacuum {rElec Regen+
                  | rCorr Int-4}
 37166 | Spider:2 | Reached skill level 19 in Conjurations
 37500 | Spider:2 | Got Sif Muna's Quarto of Scorching Fulmination
 38414 | Spider:3 | Upgraded the game from 0.31-a0-664-g902f515a81 to
                  | 0.31-a0-667-g39726597b9
 38601 | Spider:3 | Reached XP level 18. HP: 58/121 MP: 22/34
 39375 | Spider:3 | Reached XP level 19. HP: 126/126 MP: 35/35
 39377 | Spider:4 | Entered Level 4 of the Spider Nest
 39377 | Spider:4 | Noticed Aizul
 39384 | Spider:4 | Killed Aizul
 39524 | Spider:4 | Reached skill level 20 in Conjurations
 39749 | Spider:4 | Learned a level 4 spell: Iskenderun's Mystic Blast
 39946 | Spider:4 | Identified the +3 ring mail of the Solstice {-Tele Harm rC+
                  | Dex+3}
 39965 | Spider:4 | Noticed Roxanne
 39980 | Spider:4 | Found a runed translucent gate.
 39981 | Spider:4 | Found a runed translucent gate.
 39990 | Spider:4 | Found a runed translucent gate.
 39991 | Spider:4 | Noticed SuPeRPuSSyNoOTAB's ghost (adept BaIE)
 39991 | Spider:4 | Noticed Vazil's ghost (journeyman FeSu)
 39991 | Spider:4 | Noticed zero's ghost (adept GrEE)
 40273 | Spider:4 | Reached skill level 5 in Translocations
 42013 | Spider:4 | Got a gossamer rune of Zot
 42375 | Spider:4 | Killed Roxanne
 42723 | Elf:1    | Entered Level 1 of the Elven Halls
 42933 | D:13     | Reached skill level 21 in Conjurations
 43081 | D:13     | Paralysed by an air elemental for 1 turns
 43500 | Shoals:1 | Entered Level 1 of the Shoals
 43971 | Shoals:1 | Found Okutwere's Distillery.
 44001 | Shoals:1 | Bought a potion of heal wounds for 55 gold pieces
 44001 | Shoals:1 | Bought a potion of resistance for 110 gold pieces
 44001 | Shoals:1 | Bought a potion of curing for 33 gold pieces
 44001 | Shoals:1 | Bought a potion of brilliance for 44 gold pieces
 44001 | Shoals:1 | Bought a potion of mutation for 88 gold pieces
 45514 | Shoals:2 | Reached XP level 20. HP: 123/133 MP: 13/36
 46369 | Shoals:3 | Found Xebuskit's Book Shop.
 46527 | Shoals:3 | Bought a book of Armaments for 504 gold pieces
 48016 | Shoals:4 | Entered Level 4 of the Shoals
 48157 | Shoals:4 | Reached skill level 10 in Shields
 48496 | Shoals:4 | Acquired 1286 gold pieces
 48968 | Shoals:4 | Found a glowing silver altar of Zin.
 49046 | Shoals:4 | Identified the +8 triple crossbow of Yesterday {drain,
                  | *Corrode rPois Will++ Stlth+}
 49825 | Shoals:4 | Found a white marble altar of Elyvilon.
 50071 | Shoals:4 | Found a glowing golden altar of the Shining One.
 50224 | Shoals:4 | Got a barnacled rune of Zot
 50570 | Elf:1    | Paralysed by an air elemental for 1 turns
 50821 | Elf:1    | Reached XP level 21. HP: 132/143 MP: 34/39
 50926 | Elf:1    | Learned a level 5 spell: Alistair's Intoxication
 51007 | Elf:1    | Reached skill level 1 in Poison Magic
 51271 | Elf:1    | Bought a +1 hat of willpower for 336 gold pieces
 51407 | Elf:1    | Reached skill level 5 in Poison Magic
 51410 | Elf:1    | Identified the ring "Watafir" {Str+6 Dex+6}
 51759 | Elf:1    | Got the Quarto of Assembled Fulmination
 51851 | Elf:1    | Learned a level 4 spell: Olgreb's Toxic Radiance
 52673 | Elf:2    | Identified the +0 scale mail of Poor Excuses {Str+3}
 52753 | Elf:3    | Entered Level 3 of the Elven Halls
 52779 | Elf:3    | Found Tuily's Jewellery Boutique.
 52779 | Elf:3    | Found Mucru's Antique Armour Shop.
 52780 | Elf:3    | Found Vackuog's Book Shop.
 52782 | Elf:3    | Found Dinys's Armour Boutique.
 52805 | Elf:3    | Found a flickering gateway to a bazaar.
 52807 | Elf:3    | Found a runed translucent gate.
 52807 | Elf:3    | Found a runed translucent gate.
 52807 | Elf:3    | Found a runed translucent gate.
 52812 | Bazaar   | Entered a bazaar
 52830 | Bazaar   | Found Lupout's Armour Boutique.
 52834 | Bazaar   | Found Wotopus's Book Boutique.
 52834 | Bazaar   | Found Xithrent's Armour Boutique.
 52835 | Bazaar   | Found Meimit's Antique Weapon Boutique.
 52855 | Bazaar   | Bought a book of Alchemy for 336 gold pieces
 52924 | Elf:3    | Bought a pair of polished gloves for 247 gold pieces
 52924 | Elf:3    | Identified the +1 pair of gloves "Fouko" {+Blink +Inv
                  | Int+4} (You bought it in a shop on level 3 of the Elven
                  | Halls)
 53056 | Elf:3    | Learned a level 2 spell: Sublimation of Blood
 53183 | Elf:3    | Noticed kaychamo's ghost (veteran KoSh)
 53498 | Elf:3    | Reached skill level 10 in Poison Magic
 54389 | Elf:2    | Paralysed by an air elemental for 1 turns
 54452 | Elf:2    | Found a huge runed translucent gate.
 54452 | Elf:2    | Found a huge runed translucent gate.
 54452 | Elf:2    | Found a huge runed translucent gate.
 54452 | Elf:2    | Found a huge runed translucent gate.
 54453 | Elf:2    | Found a huge runed translucent gate.
 54613 | Elf:3    | Identified the +0 flail "Kuepej" {drain, Str+4}
 55829 | Elf:3    | Identified the staff "Giantslayer" {Int+3 Earth}
 55973 | Elf:3    | Got the Enchiridion on the Singed Dose
 55985 | Elf:3    | Got the Grimoire of Confrontation
 55989 | Elf:3    | Identified the +1 pair of gloves of Activism {Will- Int+7
                  | Dex-2 SInv}
 56022 | Elf:3    | Got the Elucidation of the Cwm and Frostbite
 56082 | Elf:3    | Identified the +1 shortbow of Unreason {flame, rElec rF+
                  | Str+5}
 56109 | Elf:3    | Learned a level 9 spell: Fire Storm
 56319 | Elf:3    | Paralysed by an air elemental for 1 turns
 56866 | Elf:3    | Reached XP level 22. HP: 157/157 MP: 18/40
 56925 | Elf:3    | Killed kaychamo's ghost
 57150 | Elf:3    | Identified the +2 pair of gloves of Incorporation {rF+ rC++
                  | Int-5 Slay+6}
 57166 | Elf:3    | Learned a level 6 spell: Eringya's Noxious Bog
 57526 | Vaults:1 | Entered Level 1 of the Vaults
 57529 | Vaults:1 | Bought the +1 ring mail of the Unbearable God {Will+ Slay+3
                  | Stlth-} for 623 gold pieces
 57571 | Vaults:1 | Reached skill level 1 in Fire Magic
 57609 | Vaults:1 | Reached skill level 5 in Transmutations
 58511 | Vaults:1 | Reached skill level 5 in Fire Magic
 59125 | Vaults:1 | Identified the +7 chain mail of Nelohin {Fly rCorr}
 59387 | Vaults:2 | Bought a pair of slimy gloves for 313 gold pieces
 59387 | Vaults:2 | Identified the +1 pair of gloves of Darkness {rF+ Dex+3}
                  | (You bought it in a shop on level 2 of the Vaults)
 59390 | Vaults:2 | Bought a potion of magic for 264 gold pieces
 59390 | Vaults:2 | Bought a scroll of fear for 132 gold pieces
 59411 | Vaults:2 | Found a staircase to the Crypt.
 59411 | Vaults:2 | Found a basalt altar of Yredelemnul.
 59411 | Vaults:2 | Found an ancient bone altar of Kikubaaqudgha.
 60541 | Vaults:2 | Found a runed translucent gate.
 60543 | Vaults:2 | Noticed Inony's ghost (master FoHu)
 60543 | Vaults:2 | Found an opulent altar of Gozag.
 60544 | Vaults:2 | Found a runed translucent gate.
 60545 | Vaults:2 | Found a runed translucent gate.
 60546 | Vaults:2 | Found Danuuscho's Assorted Antiques.
 60546 | Vaults:2 | Found Rash's Assorted Antiques.
 60826 | Vaults:2 | Reached skill level 15 in Spellcasting
 61127 | Vaults:2 | Found Ipeefaf's General Store.
 61135 | Vaults:2 | Bought a scroll of enchant weapon for 75 gold pieces
 61135 | Vaults:2 | Bought a scroll of enchant armour for 75 gold pieces
 61988 | Vaults:3 | Noticed Bai Suzhen
 61994 | Vaults:3 | Reached XP level 23. HP: 147/165 MP: 29/42
 61996 | Vaults:3 | Killed Bai Suzhen
 61997 | Vaults:3 | Reached skill level 10 in Fire Magic
 62070 | Vaults:3 | Found Kironur's Weapon Boutique.
 62203 | Vaults:3 | Found a flickering gateway to a bazaar.
 62217 | Bazaar   | Entered a bazaar
 62318 | Bazaar   | Found Potogif's Weapon Emporium.
 62334 | Bazaar   | Found Vexkasav's Jewellery Shoppe.
 62350 | Bazaar   | Found Narph's Antique Armour Emporium.
 62423 | Vaults:3 | Found a magical portal.
 62432 | WizLab   | Entered Lehudib's Moon Base
 62627 | WizLab   | Gained mutation: Armour fits poorly on your strangely
                  | shaped body. [a neqoxec]
 64211 | WizLab   | Found a transporter.
 64673 | WizLab   | Found a transporter.
 65513 | WizLab   | Identified the +0 broad axe of Esoiluit {freeze, Str+4
                  | Int-4}
 65815 | WizLab   | Identified the amulet of Baruli Hauh {Acrobat Harm Int+3}
 65975 | WizLab   | Got Lehudib's Almanac of the Twisted Caves
 65986 | WizLab   | Lost mutation: Your system is resistant to poisons. (rPois)
                  | [potion of mutation]
 65986 | WizLab   | Lost mutation: Armour fits poorly on your strangely shaped
                  | body. [potion of mutation]
 65986 | WizLab   | Gained mutation: You have large cloven feet. [potion of
                  | mutation]
 65986 | WizLab   | Gained mutation: You are dopey. (Int -2) [potion of
                  | mutation]
 65986 | WizLab   | Lost mutation: You are dopey. (Int -2) [potion of mutation]
 66934 | Vaults:3 | Reached skill level 15 in Fire Magic
 66960 | Vaults:3 | Learned a level 8 spell: Ignition
 67226 | Vaults:3 | Reached XP level 24. HP: 141/171 MP: 27/42
 67478 | Vaults:3 | Bought a glowing robe for 129 gold pieces
 68098 | Vaults:4 | Identified the +1 helmet of Stoicism {Fly Will+ MP-9 Int+2}
 68127 | Vaults:4 | Found Poad's Magic Scroll Boutique.
 68140 | Vaults:4 | Bought a scroll of teleportation for 69 gold pieces
 68140 | Vaults:4 | Bought a scroll of enchant armour for 172 gold pieces
 68140 | Vaults:4 | Bought a scroll of enchant armour for 172 gold pieces
 68140 | Vaults:4 | Bought a scroll of enchant armour for 172 gold pieces
 68154 | Vaults:4 | Acquired 394 gold pieces
 69574 | Vaults:4 | Identified the +5 battleaxe of Qyanats {heavy, MP+9 Str-4
                  | Dex+4 SInv}
 70366 | Vaults:5 | Entered Level 5 of the Vaults
 70567 | Vaults:1 | Bought a +2 cloak of poison resistance for 351 gold pieces
 70670 | Crypt:1  | Entered Level 1 of the Crypt
 73168 | Crypt:2  | Reached skill level 1 in Necromancy
 73798 | Crypt:2  | Reached XP level 25. HP: 177/177 MP: 30/42
 74277 | Crypt:2  | Reached skill level 5 in Necromancy
 74469 | Crypt:2  | Identified the +2 battleaxe "Iramugh" {freeze, rElec Will+}
 74581 | Crypt:3  | Entered Level 3 of the Crypt
 75168 | Crypt:3  | Acquired 1013 gold pieces
 76185 | Crypt:3  | Identified the ring "Ret Vydo" {rN+ Int+3}
 76390 | Crypt:3  | Found an ancient bone altar of Kikubaaqudgha.
 76884 | Crypt:3  | Identified the +1 spear "Xuorphuav" {venom, Drain rElec
                  | rF++ rC+}
 76884 | Crypt:3  | Identified the ring of Yredelemnul's Hatred {rElec rPois
                  | rN+ Str+5 Int-3}
 76884 | Crypt:3  | Noticed a dread lich
 76893 | Crypt:3  | Killed a dread lich
 76989 | Crypt:3  | Found the +3 Mad Mage's Maulers {Infuse+∞ VampMP -Cast}
 77350 | Crypt:3  | Found a staircase to the Tomb.
 77352 | Crypt:3  | Noticed a royal mummy
 77356 | Crypt:3  | Killed a royal mummy
 78305 | Vaults:5 | Noticed a dread lich
 78442 | Vaults:4 | Bought a runed robe for 129 gold pieces
 78442 | Vaults:4 | Bought a pair of embroidered boots for 262 gold pieces
 78447 | Vaults:4 | Bought a pair of dazzling gloves for 332 gold pieces
 78447 | Vaults:4 | Identified the +2 pair of gloves of Impatience {rF+++ rC+
                  | Str-4 Dex-4} (You bought it in a shop on level 4 of the
                  | Vaults)
 78453 | Vaults:5 | HP: 6/173 [tengu reaver/bolt of lightning (48)]
 78455 | Vaults:4 | Slain by a tentacled monstrosity

Illustrated notes

Levels and vault maps discovered:
D:1:      dpeg_arrival_rhombi, layout_basic
D:2:      layout_basic, dreamdust_ecumenical_altar_grove, uniq_jessica
D:3:      layout_basic, gammafunk_ghost_necromancy, glass_columns_a,
          minmay_starry_boxes
D:4:      layout_loops_corners, serial_shops, nicolae_shop_just_a_little_nook
D:5:      layout_basic, interstate_on_off
D:6:      layout_loops_ring, lemuel_tele_altar, temple_green,
          grunt_ministairs_11, amcnicky_mini_pool_small
D:7:      gammafunk_the_bubble [the_bubble_gammafunk_crates], layout_cave_pods,
          uniq_duvessa, uniq_maggie
D:8:      layout_cave_pools, mainiacjoe_overflow_chevrons,
          nicolae_gozag_seed_capital, riverfiend_overflow_shadow_ancestor,
          ploomutoo_gammafunk_ghost_potion_laboratory
D:9:      statuecave_lemuel, layout_long_grid
D:10:     layout_loops_ring, mainiacjoe_overflow_alcove_1,
          hellmonk_lair_entry_icy, erik_orc_1
D:11:     layout_gridville, minmay_misc_feat_tiny
D:12:     layout_rooms, hangedman_abyss_or_decor_stabs, kennysheep_dice
D:13:     layout_loops_cross, nicolae_guarded_unrand_storm_shield
D:14:     layout_loops_corners, david_vaults_1, serial_shops,
          nicolae_shop_back_alley_shop, serial_park_avenue1,
          chequers_mini_garden, eat_drink_and_be_merry_uskayaw, uniq_louise,
          uniq_agnes
D:15:     grunt_enter_depths_magical_seal, layout_loops_ring, hex_medium,
          serial_glass, glass_columns_a, glass_columns_b,
          chequers_serial_rivers_micro_e, serial_park_tiny_2,
          nicolae_tso_swordbearing_angel
Temple:   eino_temple_scatter_basement
Lair:1:   layout_cave_shapes, lemuel_fruit_fields
Lair:2:   layout_roguey
Lair:3:   layout_long_grid, minmay_shoals_entry_hut,
          nicolae_spider_entry_non_spiders, ice2_lemuel, grunt_megastairs_2,
          uniq_fannar
Lair:4:   nzn_winding_woodlands_small [nzn_winding_woodlands_5x15_split_checker,
          nzn_winding_woodlands_center_pierced_h,
          nzn_winding_woodlands_5x15_pool], layout_gridlike,
          chequers_serial_rivers_small_3, chequers_serial_rivers_large_b,
          kennysheep_catoblepas_arena
Lair:5:   grunt_lair_end_beastmaster, layout_regular_city, slime_entry_1
Shoals:1: layout_shoals, serial_shops, shop, ldierk_geyser
Shoals:2: layout_shoals
Shoals:3: layout_shoals, serial_shops, shop, nicolae_shoals_bring_sunscreen
Shoals:4: shoals_end_hellmonk_holy_island, serial_shops
Spider:1: layout_spider_delve
Spider:2: layout_cave_pods, nicolae_spider_webs_and_nodes
Spider:3: layout_spider_delve
Spider:4: spider_rune_water, gammafunk_ghost_cemetery, nicolae_spider_nook,
          uniq_roxanne, uniq_aizul
Orc:1:    giant_chief_lemuel, layout_diamond_mine, basic_altar
Orc:2:    hellmonk_orc_salted, layout_caves, nicolae_volcano_entry_lava_flow,
          hangedman_feature_mirror, nicolae_orc_tapped_out
Elf:1:    layout_loops_cross, minmay_elf_sorcery, minivault_15
Elf:2:    elven_hall_of_blades_hangedman_alternative
          [nicolae_blade_entry_floor_patterns], layout_gridlike,
          hangedman_corner_corridor
Elf:3:    minmay_elf_hall_not_hex, layout_geoelf_castle, serial_shops,
          bzr_entry_dummy, gammafunk_ghost_tricky_traps, minmay_strange_pillars,
          minmay_shoptagon
Vaults:1: v_pattern_3, nicolae_vaults_windows_and_doors_thing, v_misc_12,
          ontoclasm_vaults_gateway, vaults_dpeg_spiral, vaults_room_grid,
          vaults_room_corners, vaults_dpeg_emergency_exit,
          hangedman_vaults_stagger, vaults_room_grunt_arrival_checkpoint,
          nicolae_vaults_house_1, layout_vaults_maze_snakey, serial_glass
Vaults:2: ebering_ghost_gozag, hangedman_vaults_slither,
          nicolae_vaults_three_branches, minmay_crypt_entry_necro_gods,
          nicolae_vaults_weapon_check, nicolae_vaults_ring_of_whatevers,
          nicolae_vaults_house_1, vaults_room_door_ring,
          nicolae_vaults_murder_corner, vaults_dpeg_ring,
          layout_vaults_chaotic_city, serial_shops, shop
Vaults:3: mu_enter_wizlab_4, ontoclasm_vaults_eye, vaults_mumra_bighexcomb,
          nicolae_vaults_door_testing_chamber, nicolae_vaults_house_2,
          nicolae_vaults_taking_the_gang_shopping, ontoclasm_vaults_misaligned,
          nicolae_vaults_diamond_1, v_misc_3, vaults_dpeg_cross,
          vaults_dpeg_hooks, hangedman_vaults_cutoff, vaults_room_fours,
          layout_vaults_omnibox, serial_shops, freezing_bzr, uniq_margery,
          uniq_bai_suzhen
Vaults:4: v_misc_12, nicolae_vaults_trapezoid_lopsided_3,
          nicolae_vaults_network_quincunx
          [nicolae_vaults_network_quincunx_subvault,
          nicolae_vaults_network_quincunx_subvault,
          nicolae_vaults_network_quincunx_subvault,
          nicolae_vaults_network_quincunx_subvault,
          nicolae_vaults_network_quincunx_subvault], vaults_dpeg_doors,
          nicolae_vaults_trapezoid_lopsided_2, vaults_room_hangedman_quadrants,
          nicolae_vaults_diamond_1, ontoclasm_vaults_decontamination,
          layout_vaults_omnigrid, serial_shops, shop_statue
Vaults:5: uniq_mara
Crypt:1:  layout_chaotic_city, serial_co_window_serial, co_window_corner_a,
          co_window_paths_b, co_window_paths_a, co_window_of_opportunity_a,
          co_window_paths_a, co_window_broadway_a, co_window_broadway_b,
          co_window_corner_b, glass_columns_a, glass_columns_a, glass_columns_a,
          nicolae_crypt_ancient_font
Crypt:2:  layout_catacombs, roderic_lattice_octagonal_star
Crypt:3:  evilmike_haunted_forest

Skill      XL: |  1  2  3  4  5  6  7  8  9 10 11 12 13 14 15 16 17 18 19 20 21 22 23 24 25 |
---------------+----------------------------------------------------------------------------+-----
Maces & Flails | 1 2 |  2.3
Fighting       | 2 3 4 5 6 9 |  9.8
Evocations     | 5 6 10 | 10.0
Conjurations   | 1 4 5 9 10 13 15 16 19 21 | 21.2
Staves         | 4 5 7 8 11 | 11.8
Spellcasting   | 2 6 10 11 12 14 15 16 | 16.0
Earth Magic    | 2 3 5 6 |  6.0
Ice Magic      | 4 |  4.0
Air Magic      | 4 |  4.0
Shields        | 5 7 8 11 | 11.8
Armour         | 5 |  5.0
Translocations | 2 5 |  5.0
Transmutations | 4 7 |  7.0
Dodging        | 5 |  5.0
Poison Magic   | 14 | 14.7
Fire Magic     | 9 15 18 19 | 19.1
Necromancy     | 3 8 |  8.7
Stealth        | |  1.0

Action                     |  1- 3 |  4- 6 |  7- 9 | 10-12 | 13-15 | 16-18 | 19-21 | 22-24 | 25-27 || total
---------------------------+-------+-------+-------+-------+-------+-------+-------+-------+-------++-------
  Melee: Club              |    65 |       |       |       |       |       |       |       |       ||    65
         Whip              |     4 |       |       |       |       |       |       |       |       ||     4
         Mace              |       |   222 |    62 |       |       |       |       |       |       ||   284
         Dagger            |       |     5 |   122 |   134 |       |       |       |       |       ||   261
         Scimitar          |       |       |    50 |       |       |       |       |       |       ||    50
         Punch             |       |       |     3 |     8 |       |       |       |       |       ||    11
         Broad axe         |       |       |    29 |     6 |       |       |       |       |       ||    35
         Staff             |       |       |       |   271 |   425 |   414 |   597 |   776 |   248 ||  2731
         Hand axe          |       |       |       |       |     4 |       |       |       |       ||     4
   Fire: Sling             |    14 |    18 |       |       |       |       |       |       |       ||    32
  Throw: Stone             |     7 |       |     5 |       |       |       |       |       |       ||    12
         Dart              |       |       |     7 |     6 |     2 |       |       |       |       ||    15
   Cast: Stone Arrow       |       |       |       |   120 |   138 |    38 |     5 |       |       ||   301
         Freezing Cloud    |       |       |       |    18 |    97 |    86 |   169 |    49 |       ||   419
         Leda's Unmaking   |       |       |       |       |    22 |    31 |    51 |   177 |    80 ||   361
         Irradiate         |       |       |       |       |     2 |    18 |       |       |       ||    20
         Iskenderun's Myst |       |       |       |       |       |       |   106 |   116 |    16 ||   238
         Alistair's Intoxi |       |       |       |       |       |       |    41 |    37 |       ||    78
         Olgreb's Toxic Ra |       |       |       |       |       |       |     3 |       |       ||     3
         Eringya's Noxious |       |       |       |       |       |       |       |    20 |       ||    20
         Apportation       |       |       |       |       |       |       |       |     9 |     2 ||    11
         Sublimation of Bl |       |       |       |       |       |       |       |     2 |     8 ||    10
         Ignition          |       |       |       |       |       |       |       |    15 |    36 ||    51
 Invoke: Call Merchant     |       |       |       |     2 |     1 |     1 |     1 |     3 |     2 ||    10
         Potion Petition   |       |       |       |       |       |       |     2 |     2 |       ||     4
  Evoke: Wand              |     5 |     9 |    33 |    13 |    11 |    19 |    27 |    17 |     2 ||   136
         Box of beasts     |       |       |       |       |       |       |     2 |       |       ||     2
         Lightning rod     |       |       |       |       |       |       |     5 |     7 |       ||    12
         Phantom mirror    |       |       |       |       |       |       |       |     1 |       ||     1
         Tin of tremorston |       |       |       |       |       |       |       |     1 |       ||     1
    Use: Scroll            |       |     5 |     6 |    15 |     7 |     7 |    16 |    12 |     1 ||    69
         Potion            |       |       |    11 |     5 |     3 |     1 |     5 |     9 |     2 ||    36
   Stab: Sleeping          |     1 |       |       |     2 |     2 |       |     1 |       |       ||     6
         Distracted        |       |       |       |     1 |     3 |     3 |     5 |     3 |       ||    15
         Invisible         |       |       |       |     1 |       |     2 |     4 |       |       ||     7
         Confused          |       |       |       |       |       |       |    10 |     5 |       ||    15
 Armour: Leather armour    |    40 |       |       |       |       |       |       |       |       ||    40
         Ring mail         |     2 |   224 |   178 |       |       |       |       |   187 |       ||   591
         Steam dragon scal |       |       |    83 |   403 |   373 |   336 |   401 |     7 |       ||  1603
         Skin              |       |       |       |    19 |       |       |       |       |       ||    19
         Troll leather arm |       |       |       |       |       |       |       |   120 |       ||   120
         Robe              |       |       |       |       |       |       |       |   123 |   198 ||   321
  Dodge: Dodged            |    44 |   160 |   150 |   302 |   231 |   204 |   207 |   193 |   103 ||  1594
  Block: Buckler           |       |       |       |       |    67 |    88 |    33 |    47 |    75 ||   310
         Kite shield       |       |       |       |       |       |       |   270 |   310 |       ||   580

Table legend: (Time is in decaauts)
 A = Elapsed time spent in this place.
 B = Non-inter-level travel time spent in this place.
 C = Inter-level travel time spent in this place.
 D = Time resting spent in this place.
 E = Time spent auto-exploring this place.
 F = Levels seen in this place.
 G = Mean time per level.
                   A        B        C        D        E       F      G
               +--------+--------+--------+--------+--------+-----+--------+
         Total |  78046 |  73811 |   4235 |  29082 |  28163 |  46 | 1696.7 |
       Dungeon |  22033 |  20418 |   1615 |   6997 |   8945 |  15 | 1468.9 |
        Temple |     67 |     67 |      0 |      0 |     63 |   1 |   67.0 |
          Lair |  10458 |   9810 |    648 |   4499 |   3391 |   5 | 2091.6 |
        Shoals |   6804 |   6680 |    124 |   2978 |   2229 |   4 | 1701.0 |
   Spider Nest |   6746 |   6650 |     96 |   3344 |   1847 |   4 | 1686.5 |
  Orcish Mines |   3942 |   3464 |    478 |   1247 |   1194 |   2 | 1971.0 |
   Elven Halls |   6485 |   6184 |    301 |   2561 |   1951 |   3 | 2161.7 |
        Vaults |   9725 |   8985 |    740 |   2638 |   4310 |   5 | 1945.0 |
         Crypt |   7151 |   6922 |    229 |   2303 |   3276 |   3 | 2383.7 |
        Bazaar |    216 |    216 |      0 |      0 |    186 |   2 |  108.0 |
       Volcano |    839 |    839 |      0 |    525 |     34 |   1 |  839.0 |
        Wizlab |   3574 |   3574 |      0 |   1987 |    736 |   1 | 3574.0 |
               +--------+--------+--------+--------+--------+-----+--------+

Top non-repeatable levels by time:
   Elf:3: 3936 daAuts
  WizLab: 3574 daAuts
 Crypt:3: 3481 daAuts
Spider:4: 3127 daAuts
Vaults:2: 3056 daAuts
    D:10: 2744 daAuts
Vaults:4: 2731 daAuts
  Lair:4: 2450 daAuts
  Lair:3: 2420 daAuts
    D:14: 2270 daAuts
   Orc:2: 2157 daAuts
Shoals:3: 2068 daAuts
     D:6: 2048 daAuts
  Lair:2: 2037 daAuts
Shoals:4: 1979 daAuts
